 Dungeon Crawl Stone Soup version 0.32-a0-953-g508020473e (webtiles) character file.

Game seed: 3673084543728783767

3763 Dittersdorf the Blocker (level 10, -18/65 HPs)
             Began as a Gargoyle Fighter on Apr 16, 2024.
             Was an Initiate of Gozag.
             Killed from afar by an acid dragon (29 damage)
             ... with a splash of acid
             ... on level 8 of the Dungeon.
             The game lasted 00:09:29 (7022 turns).

Dittersdorf the Blocker (Gargoyle Fighter)          Turns: 7022, Time: 00:09:29

Health: -18/65     AC: 24    Str: 24    XL:     10   Next: 15%
Magic:  19/19      EV:  7    Int:  9    God:    Gozag
Gold:   288        SH: 11    Dex:  9    Spells: 9/9 levels left

rFire   . . .        C - +5 mace
rCold   . . .        f - +2 kite shield {AC+3}
rNeg    + + .        m - +0 chain mail
rPois   ∞            y - +0 helmet
rElec   +            s - +0 cloak
rCorr   .            (no gloves)
SInv    .            (no boots)
Will    .....        (no amulet) Stlth
                     l - ring of magical power
HPRegen 0.30/turn    p - ring of positive energy
MPRegen 0.16/turn

%: no passive effects
@: no status effects
A: sickness immunity, AC +7, negative energy resistance 1, electricity
resistance, torment resistance 1, petrification resistance
a: Renounce Religion, Potion Petition, Call Merchant, Bribe Branch


You were on level 8 of the Dungeon.
You worshipped Gozag.
Gozag was aware of your devotion.
You visited 2 branches of the dungeon, and saw 9 of its levels.
You also visited: Sewer.

You collected 400 gold pieces.
You paid 112 gold pieces to Gozag.

Inventory:

Hand Weapons
 w - a +0 heavy flail
 C - a +5 mace (weapon)
Missiles
 c - 5 curare-tipped darts (quivered)
 v - a throwing net
Armour
 f - a +2 kite shield of protection (worn)
 m - a +0 chain mail (worn)
 s - a +0 cloak (worn)
 y - a +0 helmet (worn)
 z - a +0 plate armour
Jewellery
 l - a ring of magical power (left hand)
 p - a ring of positive energy (right hand)
Wands
 o - a wand of quicksilver (13)
 r - a wand of mindburst (3)
 t - a wand of digging (4)
 B - a wand of flame (22)
Scrolls
 e - 5 scrolls of blinking
 h - 2 scrolls of enchant armour
 i - 4 scrolls of teleportation
 k - a scroll of silence
 n - a scroll of fear
 q - a scroll of summoning
Potions
 a - 2 potions of enlightenment {unknown}
 b - a potion of berserk rage
 d - a potion of might
 g - 7 potions of curing
 j - a potion of ambrosia {unknown}
 u - 2 potions of cancellation
 A - a potion of brilliance {unknown}


   Skills:
 + Level 8.5 Fighting
 + Level 7.3 Maces & Flails
 + Level 8.5 Armour
 + Level 8.6 Shields


You had 9 spell levels left.
You didn't know any spells.
Your spell library contained the following spells:

 Spells                   Type           Power      Damage    Failure   Level
 Freeze                   Ice            0%         1d3       98%         1
 Blink                    Tloc           0%         N/A       99%         2
 Ensorcelled Hibernation  Hex/Ice        0%         N/A       99%         2
 Lesser Beckoning         Tloc           0%         N/A       99%         2
 Momentum Strike          Conj/Tloc      0%         3d8       99%         2
 Frozen Ramparts          Ice            0%         1d1       100%        3
 Fugue of the Fallen      Necr           0%         N/A       100%        3
 Hailstorm                Conj/Ice       0%         3d5       100%        3
 Anguish                  Hex/Necr       0%         N/A       100%        4


Dungeon Overview and Level Annotations

Branches:
Dungeon (8/15)             Temple (1/1) D:7           Sewer (visited)
   Lair: D:8-11

Altars:
Ashenzari
Cheibriados
Dithmenos
Elyvilon
Fedhas
Gozag
Hepliaklqana
Kikubaaqudgha
Makhleb
Nemelex Xobeh
Okawaru
Qazlal
Ru
Sif Muna
Trog
Uskayaw
Vehumet
Wu Jian
Xom
Yredelemnul
Zin
The Shining One

Shops:
D:5 *   D:6 [

Annotations:
Temple 2 transporters


Innate Abilities, Weirdness & Mutations

You are immune to sickness and miasma.
Your stone body is resilient. (AC +7)
You are immune to poison.
You resist negative energy. (rN+)
You are resistant to electric shocks. (rElec)
You are resistant to unholy torment.
You are immune to petrification.


Message History

Throw: 6 darts (curare)
Press: ? - help, Q - select action, (/) - cycle Shift-Dir - straight line, f - acid dragon
Aim: an acid dragon (lightly wounded, catching its breath, 56% to hit)
You throw a curare-tipped dart.
The curare-tipped dart barely misses the acid dragon.
The acid dragon bites you.
* * * LOW HITPOINT WARNING * * *
The acid dragon claws you but does no damage.
You closely miss the acid dragon.
The acid dragon is lightly wounded.
The acid dragon barely misses you.
The acid dragon claws you but does no damage.
You sock the acid dragon!
The acid dragon is heavily wounded.
The acid dragon bites you.
* * * LOW HITPOINT WARNING * * *
You block the acid dragon's attack.
You thump the acid dragon!
The acid dragon is severely wounded.
The acid dragon bites you but does no damage.
The acid dragon claws you but does no damage.
You barely miss the acid dragon.
The acid dragon is severely wounded.
The acid dragon barely misses you.
The acid dragon claws you but does no damage.
The acid dragon bites you but does no damage.
You block the acid dragon's attack.
You closely miss the acid dragon.
The acid dragon is severely wounded.
The acid dragon bites you but does no damage.
The acid dragon claws you but does no damage.
You closely miss the acid dragon.
The acid dragon is severely wounded.
You block the acid dragon's attack. The acid dragon barely misses you.
You barely miss the acid dragon.
The acid dragon is severely wounded.
The acid dragon spits acid at you. The splash of acid hits you!!
You die...
Your body crumbles into a pile of gold.

########.###.##.#
#.###.##.#
#...#....#
#...#....#
#...#....#
#...#....#
#...#....#
#..#..#..#
#######@.#
#.D..>.+ #.<....#
#......# #......#
########


You could see an acid dragon (catching breath).

Vanquished Creatures
  A two-headed ogre (D:8)
  Jeremiah (D:7)
  Maggie (D:7)
  Sigmund (D:2)
  2 steam dragons
  A water moccasin (D:6)
  Pargi (Sewer)
  An orc warrior (D:7)
  A sky beast (D:6)
  An ogre (D:4)
  A centaur (D:6)
  A phantom (D:6)
  A gnoll sergeant (D:6)
  3 bullfrogs (D:7)
  3 scorpions
  5 wights
  A howler monkey (D:6)
  A bombardier beetle (D:5)
  3 hounds
  2 jellies
  An orc priest (D:5)
  9 iguanas
  2 sleepcaps
  Terence (D:2)
  An orc wizard (D:6)
  14 adders
  8 gnolls (D:6)
  A shadow imp (D:7)
  2 white imps
  2 ribbon worms
  3 dart slugs
  14 orcs
  16 ball pythons
  4 bats
  7 endoplasms
  2 giant cockroaches
  2 goblins
  4 hobgoblins
  9 jackals
  8 kobolds
  2 quokkas
  A frilled lizard (D:1)
  5 rats
150 creatures vanquished.

Notes
Turn   | Place    | Note
-------+----------+-------------------------------------------
     0 | D:1      | Dittersdorf the Gargoyle Fighter began the quest for the
                  | Orb.
     0 | D:1      | Reached XP level 1. HP: 14/14 MP: 1/1
   522 | D:1      | Reached XP level 2. HP: 19/19 MP: 2/2
   919 | D:2      | Reached XP level 3. HP: 23/23 MP: 3/3
   967 | D:2      | Noticed Terence
   978 | D:2      | Killed Terence
  1157 | D:2      | Noticed Sigmund
  1161 | D:2      | Reached XP level 4. HP: 26/29 MP: 4/4
  1165 | D:2      | Killed Sigmund
  1166 | D:2      | Reached XP level 5. HP: 32/34 MP: 5/5
  1601 | D:3      | Reached XP level 6. HP: 39/39 MP: 6/6
  1939 | D:3      | Found a basalt altar of Yredelemnul.
  2354 | D:4      | Reached skill level 5 in Shields
  2421 | D:4      | Found a bloodstained altar of Trog.
  2613 | D:4      | Found a glowing drain.
  2622 | Sewer    | Entered a sewer
  2704 | Sewer    | Noticed Pargi
  2719 | Sewer    | Killed Pargi
  2720 | Sewer    | Reached skill level 5 in Fighting
  2720 | Sewer    | Reached skill level 5 in Armour
  2720 | Sewer    | Reached XP level 7. HP: 33/44 MP: 7/7
  3246 | D:5      | Entered Level 5 of the Dungeon
  3268 | D:5      | Found Esazih's Overcharged Wands.
  3452 | D:5      | Reached XP level 8. HP: 38/51 MP: 8/8
  3813 | D:5      | Reached skill level 5 in Maces & Flails
  3971 | D:5      | Identified a scroll of acquirement
  3971 | D:5      | Acquired a +2 kite shield of protection
  4011 | D:5      | Found a hazy altar of Hepliaklqana.
  4253 | D:6      | Found Lotiakho's Antique Armour Shoppe.
  4691 | D:6      | Identified the +8 orcbow "Vabes" {flame, Dex+2}
  4875 | D:6      | Reached XP level 9. HP: 33/57 MP: 9/9
  5310 | D:7      | Noticed Jeremiah
  5442 | D:7      | Killed Jeremiah
  5710 | D:7      | Noticed Maggie
  5721 | D:7      | Killed Maggie
  6216 | D:7      | Found a staircase to the Ecumenical Temple.
  6227 | Temple   | Found a transporter.
  6227 | Temple   | Found a transporter.
  6227 | Temple   | Found a transporter.
  6227 | Temple   | Found a transporter.
  6227 | Temple   | Entered the Ecumenical Temple
  6243 | Temple   | Became a worshipper of Gozag Ym Sagoz the Greedy
  6819 | D:8      | Noticed a two-headed ogre
  6828 | D:8      | Killed a two-headed ogre
  6829 | D:8      | Reached XP level 10. HP: 50/65 MP: 10/10
  7022 | D:8      | Killed from afar by an acid dragon

Illustrated notes

Levels and vault maps discovered:
D:1:      lightli_arrival_maybe_door_vault, layout_loops_ring, nrook_uturn,
          hex_medium, minmay_misc_feat_five
D:2:      layout_loops_ring, minmay_misc_feat_cross, hangedman_decor_riveting,
          uniq_sigmund, uniq_terence
D:3:      layout_rooms, mainiacjoe_overflow_catwalk, minmay_snake_closets
D:4:      layout_rooms, mainiacjoe_overflow_surrounded_room,
          mainiacjoe_sewer_entry_somewhere_in_here_1, serial_co_window_serial,
          co_window_of_opportunity_a, co_window_of_opportunity_a,
          co_window_of_opportunity_a, co_window_corner_a, co_window_corner_a,
          co_window_corner_a, co_window_of_opportunity_a,
          co_window_unsneaky_path_b, co_window_broadway_a, co_window_cross_2,
          co_window_cross_4, co_window_of_opportunity_b, glass_columns_b
D:5:      layout_rooms, mainiacjoe_overflow_24_doors,
          nicolae_shop_overcharged_wands
D:6:      kennysheep_six_static_rooms, layout_basic, serial_shops,
          nicolae_shop_dealshenge
D:7:      layout_basic, minmay_temple_entry_junction_2, uniq_jeremiah,
          uniq_maggie
D:8:      layout_gridville, hangedman_decor_push, uniq_pikel, uniq_joseph
Temple:   hellmonk_temple_divided_pantheon

Skill      XL: |  1  2  3  4  5  6  7  8  9 |
---------------+----------------------------+-----
Fighting       | 4 5 7 8 |  8.5
Maces & Flails | 3 4 5 7 |  7.3
Armour         | 4 5 7 8 |  8.5
Shields        | 4 5 7 8 |  8.6

Action                     |  1- 3 |  4- 6 |  7- 9 | 10-12 || total
---------------------------+-------+-------+-------+-------++-------
  Melee: Flail             |    82 |   218 |   313 |       ||   613
         Mace              |       |       |    15 |    10 ||    25
  Throw: Dart              |       |       |     5 |     1 ||     6
  Evoke: Wand              |       |       |     4 |       ||     4
    Use: Scroll            |       |     8 |     5 |     1 ||    14
 Armour: Scale mail        |    67 |       |       |       ||    67
         Chain mail        |    13 |   270 |   311 |    17 ||   611
  Dodge: Dodged            |    52 |    70 |   111 |     3 ||   236
  Block: Buckler           |    24 |    73 |    26 |       ||   123
         Kite shield       |       |       |   169 |     5 ||   174

Table legend: (Time is in decaauts)
 A = Elapsed time spent in this place.
 B = Non-inter-level travel time spent in this place.
 C = Inter-level travel time spent in this place.
 D = Time resting spent in this place.
 E = Time spent auto-exploring this place.
 F = Levels seen in this place.
 G = Mean time per level.
                   A        B        C        D        E       F      G
               +--------+--------+--------+--------+--------+-----+--------+
         Total |   7247 |   6984 |    263 |    893 |   4270 |  10 |  724.7 |
       Dungeon |   7014 |   6760 |    254 |    893 |   4127 |   8 |  876.8 |
        Temple |     32 |     23 |      9 |      0 |      0 |   1 |   32.0 |
         Sewer |    200 |    200 |      0 |      0 |    143 |   1 |  200.0 |
               +--------+--------+--------+--------+--------+-----+--------+

Top non-repeatable levels by time:
     D:6: 1672 daAuts
     D:7: 1091 daAuts
     D:5: 899 daAuts
     D:4: 852 daAuts
     D:2: 834 daAuts
     D:1: 762 daAuts
     D:3: 696 daAuts
     D:8: 204 daAuts
   Sewer: 200 daAuts
  Temple: 32 daAuts
